 Dungeon Crawl Stone Soup version 0.25-b1-46-gb8a1ec05df (webtiles) character file.

Game seed: 2256604688338273038

642 Kerr0r the Slinger (level 7, -1/46 HPs)
             Began as a Halfling Hunter on June 5, 2020.
             Was a Believer of Zin.
             Killed from afar by Ijyb (8 damage)
             ... with an iceblast
             ... on level 4 of the Dungeon on June 9, 2020.
             The game lasted 00:34:18 (4025 turns).

Kerr0r the Slinger (Halfling Hunter)                Turns: 4025, Time: 00:34:18

Health: -1/46      AC:  8    Str: 13      XL:     7   Next: 81%
Magic:  7/7        EV: 15    Int: 11 (12) God:    Zin [**....]
Gold:   149        SH:  0    Dex: 17      Spells: 6/6 levels left

rFire    . . .     SeeInvis .   a - +1 hunting sling
rCold    . . .     Gourm    .   (shield restricted)
rNeg     . . .     Faith    .   c - +1 leather armour
rPois    .         Spirit   .   w - +1 helmet {Int+3}
rElec    .         Reflect  .   (no cloak)
rCorr    .         Harm     .   (no gloves)
MR       .....                  j - +1 pair of boots
Stlth    ++........             (no amulet)
HPRegen  0.15/turn              (no ring)
MPRegen  0.10/turn              (no ring)

@: very slightly contaminated
A: small, deterioration 1, mutation resistance 1
a: Recite, Vitalisation, Donate Gold, Renounce Religion


You were on level 4 of the Dungeon.
You worshipped Zin.
Zin was pleased with you.
You were not hungry.

You visited 1 branch of the dungeon, and saw 5 of its levels.

You collected 165 gold pieces.
You donated 16 gold pieces to Zin.

Inventory:

Hand Weapons
 a - a +1 hunting sling (weapon)
 b - a +0 short sword
 g - a +0 club
Missiles
 e - 196 stones (quivered)
Armour
 c - a +1 leather armour (worn)
 h - a +0 robe
 j - a +1 pair of boots (worn)
 k - a +2 hat
 m - a +0 ring mail
 p - a +0 robe
 q - a +2 scale mail of fire resistance
 r - a +0 leather armour
 w - a +1 helmet of intelligence (worn)
Scrolls
 d - a scroll of teleportation {unknown}
 n - 4 scrolls of identify
 t - a scroll of magic mapping
Potions
 i - a potion of mutation
 o - 3 potions of cancellation {unknown}
 u - a potion of stabbing
Comestibles
 f - 7 rations
 v - 3 chunks of flesh


   Skills:
 + Level 3.3 Fighting
 + Level 10.8 Slings
 + Level 1.9 Armour
 + Level 2.6 Dodging
 + Level 2.2 Stealth


You had 6 spell levels left.
You didn't know any spells.
Your spell library contained the following spells:

 Spells                   Type           Power        Failure   Level  Hunger
 Magic Dart               Conj           #...         41%         1    ##.....
 Searing Ray              Conj           #.....       56%         2    ###....
 Dazzling Flash           Conj/Hex       #.....       80%         3    ####...
 Fulminant Prism          Conj/Hex       #.........   99%         4    #####..
 Iskenderun's Mystic Bla  Conj/Tloc      #.......     99%         4    #####..


Dungeon Overview and Level Annotations

Branches:
Dungeon (5/15)
 Temple: D:4-7

Altars:
Fedhas
Hepliaklqana
Okawaru
Sif Muna
Zin

Annotations:
D:4 Ijyb


Innate Abilities, Weirdness & Mutations

You are small and have problems with some larger weapons.
You are somewhat resistant to further mutation.
Your body sometimes deteriorates upon taking damage.


Message History

Firing (i - inventory)
e - 200 stones (quivered)
Press: ? - help, Shift-Dir - straight line, f/p - Ijyb
Aim: Ijyb, wielding a -3 club, wearing a cursed +0 leather armour and carrying a wand of iceblast (7) (lightly wounded)
You shoot a stone. The stone barely misses Ijyb.
Firing (i - inventory)
e - 199 stones (quivered)
Press: ? - help, Shift-Dir - straight line, f/p - Ijyb
Aim: Ijyb, wielding a -3 club, wearing a cursed +0 leather armour and carrying a wand of iceblast (7) (lightly wounded)
You shoot a stone. The stone barely misses Ijyb.
Firing (i - inventory)
e - 198 stones (quivered)
Press: ? - help, Shift-Dir - straight line, f/p - Ijyb
Aim: Ijyb, wielding a -3 club, wearing a cursed +0 leather armour and carrying a wand of iceblast (7) (lightly wounded)
You shoot a stone. The stone closely misses Ijyb.
Ijyb screams, "Get away!"
Firing (i - inventory)
e - 197 stones (quivered)
Press: ? - help, Shift-Dir - straight line, f/p - Ijyb
Aim: Ijyb, wielding a -3 club, wearing a cursed +0 leather armour and carrying a wand of iceblast (7) (lightly wounded)
You shoot a stone. The stone hits Ijyb.
Ijyb is moderately wounded.
Ijyb zaps a wand.
The mass of ice explodes!
The iceblast engulfs you!
You die...

########### #.........#
#.#.♣.♣.#.## ### #..........# #..
#.♣.♣.♣^♣..# #.. #...@_.....# #..
###### #.♣.♣.♣.♣..# #..
.....########.....g....#### #..
......†.......#.♣.♣l#.....#####..
.....########......(.............
...[.# #####...((..####...##
.....###### #######.####.####
.....#.)..# ##.##.......
#.#....##.## #.....##....


You could see Ijyb and an iguana.

Vanquished Creatures
  An ice beast (D:4)
  An ogre (D:4)
  Blork the orc (D:4)
  A scorpion (D:4)
  A howler monkey (D:4)
  A crimson imp (D:4)
  A centaur skeleton (D:4)
  An orc wizard (D:4)
  A worker ant (D:4)
  Robin (D:4)
  4 gnolls (D:3)
  4 adders
  An ooze (D:4)
  4 worms
  A dart slug (D:4)
  4 leopard geckos
  6 orcs
  3 giant cockroaches
  11 goblins
  14 hobgoblins
  4 jackals (D:4)
  2 quokkas
  6 bats
  2 frilled lizards
  10 kobolds
  9 rats
95 creatures vanquished.

Vanquished Creatures (others)
  A plant (D:2)
1 creature vanquished.

Grand Total: 96 creatures vanquished

Notes
Turn   | Place    | Note
-------+----------+-------------------------------------------
     0 | D:1      | Kerr0r the Halfling Hunter began the quest for the Orb.
     0 | D:1      | Reached XP level 1. HP: 14/14 MP: 1/1
    86 | D:1      | Reached skill level 6 in Slings
   352 | D:1      | Reached XP level 2. HP: 19/19 MP: 2/2
   971 | D:2      | Reached XP level 3. HP: 24/24 MP: 3/3
  1250 | D:2      | Gained mutation: Your body sometimes deteriorates upon
                  | taking damage. [potion of mutation]
  1535 | D:2      | Found a glowing silver altar of Zin.
  1541 | D:2      | Became a worshipper of Zin the Law-Giver
  1843 | D:2      | Reached skill level 7 in Slings
  2020 | D:3      | Reached XP level 4. HP: 29/29 MP: 4/4
  2107 | D:3      | Reached * piety under Zin
  2344 | D:3      | Reached XP level 5. HP: 34/34 MP: 5/5
  2494 | D:3      | Reached skill level 8 in Slings
  2929 | D:4      | Reached skill level 9 in Slings
  2929 | D:4      | Reached skill level 1 in Armour
  2929 | D:4      | Reached XP level 6. HP: 31/41 MP: 6/6
  3032 | D:4      | Noticed Blork the orc
  3075 | D:4      | Killed Blork the orc
  3132 | D:4      | Noticed Robin
  3143 | D:4      | Killed Robin
  3288 | D:4      | Found a hazy altar of Hepliaklqana.
  3322 | D:4      | Reached XP level 7. HP: 38/45 MP: 7/7
  3402 | D:4      | Reached ** piety under Zin
  3429 | D:4      | Reached skill level 10 in Slings
  3511 | D:4      | Found a blossoming altar of Fedhas.
  3553 | D:4      | Upgraded the game from 0.25-b1-37-g2669288c55 to
                  | 0.25-b1-46-gb8a1ec05df
  3631 | D:4      | Found an iron altar of Okawaru.
  3798 | D:4      | Found a shimmering blue altar of Sif Muna.
  3822 | D:5      | Entered Level 5 of the Dungeon
  3834 | D:5      | Noticed Ijyb
  4025 | D:4      | Killed from afar by Ijyb

Illustrated notes

Levels and vault maps discovered:
D:1:      dpeg_arrival_prison, layout_loops_ring, minmay_quantized
D:2:      layout_basic, zin_scriptorium, first_ration, lexackson_kobold_supper
D:3:      layout_loops_ring, nicolae_overflow_hidden_temple,
          serial_bayou_lagoon_a, minmay_close_crescents
D:4:      layout_rooms, minitemple, okawaru_trees_1, nrook_uturn, tgw_sif,
          uniq_robin
D:5:      layout_cave_pools, hangedman_decor_riveting, doesnt_xom_only_xom,
          uniq_ijyb, uniq_duvessa

Skill      XL: |  1  2  3  4  5  6  7 |
---------------+----------------------+-----
Slings         | 6 7 9 10 | 10.8
Fighting       | 2 3 |  3.3
Stealth        | 2 |  2.2
Armour         | 1 |  1.9
Dodging        | |  2.6

Action                   |  1- 3 |  4- 6 |  7- 9 || total
-------------------------+-------+-------+-------++-------
Melee: Hunting sling     |       |       |     2 ||     2
 Fire: Hunting sling     |    96 |   169 |    81 ||   346
  Use: Scroll            |     4 |     5 |     1 ||    10
       Potion            |     3 |     1 |       ||     4
  Eat: Chunk             |     3 |     4 |     2 ||     9
Armor: Ring mail         |     3 |       |       ||     3
       Leather armour    |       |     9 |    27 ||    36
Dodge: Dodged            |     6 |    32 |    48 ||    86
